 Dungeon Crawl Stone Soup version 0.18.1-8-gdd0e5ea (webtiles) character file.

457 Esekla the Cutter (level 7, 0/48 HPs)
             Began as a Formicid Enchanter on May 21, 2016.
             Slain by a crimson imp (2 damage)
             ... summoned by Natasha
             ... on level 4 of the Dungeon.
             The game lasted 00:36:31 (5504 turns).

Esekla the Cutter (Formicid Enchanter)              Turns: 5504, Time: 00:36:33

Health: 0/48       AC:  4    Str: 12    XL:     7   Next: 27%
Magic:  8/11       EV: 10    Int: 17    God:
Gold:   161        SH:  0    Dex: 11    Spells: 4 memorised, 2 levels left

rFire  . . .     SeeInvis +     n - -2 dagger (curse)
rCold  . . .     Gourm    .     k - -1 ring mail (curse)
rNeg   . . .     Faith    .     (no shield)
rPois  .         Spirit   .     (helmet unavailable)
rElec  .         Dismiss  .     (no cloak)
rCorr  .         Reflect  .     (no gloves)
SustAt .         Harm     .     (no boots)
MR     .....                    (no amulet)
Stlth  ++........               (no ring)
                                (no ring)

@: very slightly contaminated, not resistant to hostile enchantments, unstealthy
A: permanent stasis, dig shafts and tunnels, four strong arms, antennae 3
a: Dig, Shaft Self


You were on level 4 of the Dungeon.
You were not hungry.

You visited 1 branch of the dungeon, and saw 4 of its levels.

You collected 161 gold pieces.

Inventory:

Hand Weapons
 a - a +2 dagger
 l - a +0 dagger
 n - a cursed -2 dagger (weapon)
 q - a +0 hand axe
 r - a +0 dagger
 s - a +0 whip
 x - a +0 dagger
 y - a +0 short sword
 A - a +0 scythe
 F - a +1 short sword of venom
 G - a +0 war axe
 I - a +0 mace
 J - a +0 whip
 K - a +0 dagger
 L - a +2 dagger of chaos
 M - a +0 hand axe
 N - a +0 dagger
 O - a +0 hunting sling
Missiles
 f - 105 stones (quivered)
 h - 58 sling bullets
Armour
 b - a +1 robe
 k - a cursed -1 ring mail (worn)
 m - a +0 leather armour
 p - a +0 robe
 t - a +0 leather armour
 u - a +0 robe
 v - a +0 ring mail
 z - a +0 leather armour
 B - a +0 robe
 C - a +0 leather armour
 D - a +0 ring mail
Scrolls
 e - a scroll of recharging
 g - 2 scrolls of identify
 j - 2 scrolls of amnesia
 w - a scroll of random uselessness
 P - a scroll of enchant weapon
Potions
 i - a potion of agility
 o - a potion of lignification
 E - 2 potions of flight
 H - a potion of curing
 Q - a potion of might {unknown}
 R - 2 potions of brilliance {unknown}
 S - a potion of mutation {unknown}
Books
 c - a book of Maledictions

   Spells                             Type                      Level
   a - Corona                         Hexes                        1
   b - Ensorcelled Hibernation        Hexes/Ice                    2
   c - Confuse                        Hexes                        3
   d - Tukima's Dance                 Hexes                        3
   e - Dazzling Spray                 Conjuration/Hexes            3
Comestibles
 d - 3 bread rations


   Skills:
 - Level 1.0 Fighting
 - Level 4.8 Short Blades
 - Level 2.0 Dodging
 - Level 3.6 Stealth
 - Level 3.2 Spellcasting
 * Level 3.0 Conjurations
 - Level 4.4 Hexes


You had 2 spell levels left.
You knew the following spells:

 Your Spells              Type           Power        Failure   Level  Hunger
a - Corona                Hex            ###....      10%         1    None
b - Tukima's Dance        Hex            ###.....     21%         3    ###....
c - Confuse               Hex            ###.....     21%         3    ###....
d - Dazzling Spray        Conj/Hex       ###.....     24%         3    ###....


Dungeon Overview and Level Annotations

Branches:
Dungeon (4/15)
 Temple: D:4-7

Altars:
Gozag
Makhleb
Xom

Annotations:
D:4 Natasha


Innate Abilities, Weirdness & Mutations

You are under a permanent stasis effect.
You can dig through walls and to a lower floor.
Your four strong arms can wield two-handed weapons with a shield.
You have a pair of large antennae on your head (SInv).


Message History

The white imp misses you.
You closely miss Natasha.
Natasha is heavily wounded.
Natasha stares at you and mumbles some strange words.
You easily resist.
The goblin misses you. The white imp hits you.
* * * LOW HITPOINT WARNING * * *
The white imp freezes you.
* * * LOW HITPOINT WARNING * * *
Casting: Dazzling Spray
Confirm with . or Enter, or press ? or * to list all spells.
Aiming: Dazzling Spray
Press: ? - help, Shift-Dir - straight line, f - Natasha
Aim: Natasha (heavily wounded)
You miscast Dazzling Spray.
You are very lightly contaminated with residual magic.
Your skin tingles.
Natasha claws you!
* * * LOW HITPOINT WARNING * * *
The goblin hits you but does no damage. The white imp barely misses you.
The crimson imp hits you.
You die...

#............... #.#...
##.............. #.....
#...#.......... $_$......
#.#.######.### .$$$..##.#
#.#.# ####.###....)..##.#
###...###.............###.#
##....###..#o.... .... ..#
####....####.5hg.# . .>.
... #.......###..5@##....
#.....................
#........###.#####....
#............# ..
#.......###### #########


You could see Natasha, a crimson imp, a white imp, an orc and a goblin.

Vanquished Creatures
  Sigmund (D:2)
  A crimson imp (D:3)
  A giant frog skeleton (D:4)
  A centaur skeleton (D:4)
  Jessica (D:3)
  A worker ant (D:4)
  7 adders
  An ooze (D:3)
  4 dart slugs
  A giant gecko (D:4)
  An orc (D:3)
  3 ball pythons (D:3)
  6 giant cockroaches
  6 hobgoblins
  10 kobolds
  3 quokkas
  9 bats
  7 giant newts
  10 goblins
  6 rats
80 creatures vanquished.

Notes
Turn   | Place    | Note
--------------------------------------------------------------
     0 | D:1      | Esekla the Formicid Enchanter began the quest for the Orb.
     0 | D:1      | Reached XP level 1. HP: 13/13 MP: 3/3
   160 | D:1      | Reached skill level 1 in Fighting
   160 | D:1      | Reached XP level 2. HP: 18/21 MP: 3/5
   573 | D:1      | Reached XP level 3. HP: 24/26 MP: 6/6
   586 | D:1      | Learned a level 3 spell: Tukima's Dance
  1081 | D:2      | Noticed Sigmund
  1695 | D:2      | Reached XP level 4. HP: 9/32 MP: 5/7
  2135 | D:2      | Learned a level 3 spell: Confuse
  2970 | D:2      | Reached XP level 5. HP: 29/37 MP: 9/9
  3271 | D:2      | Killed Sigmund
  3271 | D:2      | Reached XP level 6. HP: 35/43 MP: 1/10
  3294 | D:2      | Learned a level 3 spell: Dazzling Spray
  4196 | D:3      | Found a shimmering altar of Xom.
  4196 | D:3      | Found a burning altar of Makhleb.
  4199 | D:3      | Reached skill level 1 in Conjurations
  4455 | D:3      | Noticed Jessica
  4494 | D:3      | Learned a level 1 spell: Corona
  4574 | D:3      | Killed Jessica
  4631 | D:3      | Reached XP level 7. HP: 32/48 MP: 7/11
  5114 | D:4      | Found an opulent altar of Gozag.
  5487 | D:4      | Noticed Natasha
  5504 | D:4      | HP: 2/48 [Natasha (7)]
  5504 | D:4      | Slain by a crimson imp

Skill      XL: |  1  2  3  4  5  6  7 |
---------------+----------------------+-----
Fighting       | 1 |  1.0
Short Blades   | 2 3 4 |  4.8
Dodging        | 2 |  2.0
Spellcasting   | 3 |  3.2
Hexes          | 4 |  4.4
Conjurations   | 2 3 |  3.0
Stealth        | |  3.6

Action                   |  1- 3 |  4- 6 |  7- 9 || total
-------------------------+-------+-------+-------++-------
Melee: Dagger            |   115 |   231 |   102 ||   448
Throw: Stone             |    22 |    16 |     1 ||    39
 Cast: Corona            |     6 |     8 |       ||    14
       Confuse           |       |     3 |       ||     3
       Dazzling Spray    |       |     1 |     2 ||     3
  Use: Potion            |       |     3 |       ||     3
       Scroll            |       |    11 |       ||    11
 Stab: Sleeping          |     5 |     5 |     2 ||    12
       Invisible         |       |     1 |     1 ||     2
  Eat: Bread ration      |     1 |     2 |     1 ||     4
       Beef jerky        |     1 |       |       ||     1
Armor: Robe              |    20 |    29 |       ||    49
       Ring mail         |       |     6 |    20 ||    26
Dodge: Dodged            |    62 |   124 |    48 ||   234
